 Dungeon Crawl Stone Soup version 0.19-a0-36-g4a0968a (webtiles) character file.

263 M4edhros the Insei (level 6, -2/54 HPs)
             Began as an Octopode Necromancer on May 3, 2016.
             Was an Initiate of Cheibriados.
             Slain by an ogre
             ... wielding a +0 giant club
              (14 damage)
             ... on level 6 of the Dungeon.
             The game lasted 00:05:39 (910 turns).

M4edhros the Insei (Octopode Necromancer)            Turns: 910, Time: 00:05:39

Health: -2/54      AC: 23    Str: 10    XL:     6   Next: 19%
Magic:  2/9        EV:  2    Int: 19    God:    Cheibriados [......]
Gold:   78         SH:  0    Dex: 20    Spells: 3 memorised, 4 levels left

rFire  . . .     SeeInvis .       - Unarmed
rCold  . . .     Gourm    .     (no shield)
rNeg   + + +     Faith    .     (helmet currently unavailable)
rPois  +         Spirit   .     (no amulet)
rElec  .         Dismiss  .     (no ring)
rCorr  .         Reflect  .     (no ring)
SustAt .         Harm     .     (no ring)
MR     .....     NoTele   +     (no ring)
Stlth  ++++......               (no ring)
                                (no ring)
                                (no ring)
                                (no ring)

@: agile, tree-form, very slightly contaminated, hasted, invisible, very quick,
not resistant to hostile enchantments, stealthy
A: almost no armour, (amphibious), 8 rings, (constrict 8), (camouflage 0),
strong 1, (gelatinous body 0)
a: Bend Time, Renounce Religion


You were on level 6 of the Dungeon.
You worshipped Cheibriados.
Cheibriados was noncommittal.
You were very hungry.
You were a tree.
You visited 2 branches of the dungeon, and saw 7 of its levels.

You collected 78 gold pieces.

Inventory:

Missiles
 m - 3 tomahawks (quivered)
Scrolls
 e - 2 scrolls of identify
 h - a scroll of teleportation {unknown}
 j - a scroll of enchant armour {unknown}
Potions
 f - a potion of might
Books
 a - a book of Necromancy

   Spells                             Type                      Level
   a - Pain                           Necromancy                   1
   b - Animate Skeleton               Necromancy                   1
   c - Vampiric Draining              Necromancy                   3
   d - Regeneration                   Charms/Necromancy            3
   e - Animate Dead                   Necromancy                   4
   f - Control Undead                 Necromancy                   4
 n - a book of Ice

   Spells                             Type                      Level
   a - Ice Form                       Ice/Transmutation            4
   b - Metabolic Englaciation         Hexes/Ice                    5
   c - Ozocubu's Refrigeration        Ice                          6
   d - Bolt of Cold                   Conjuration/Ice              6
   e - Freezing Cloud                 Conjuration/Ice/Air          6
   f - Simulacrum                     Ice/Necromancy               6
Comestibles
 b - 2 bread rations
 g - 3 meat rations
 l - 6 chunks of flesh


   Skills:
 - Level 2.0 Dodging
 - Level 2.6 Stealth
 + Level 5.9 Unarmed Combat
 - Level 2.0 Spellcasting
 - Level 4.0 Necromancy


You had 4 spell levels left.
You knew the following spells:

 Your Spells              Type           Power        Failure   Level  Hunger
a - Pain                  Necr           ###.         3%          1    #......
b - Animate Skeleton      Necr           N/A          3%          1    #......
r - Regeneration          Chrm/Necr      #.........   21%         3    ###....


Dungeon Overview and Level Annotations

Branches:
Dungeon (6/15)             Temple (1/1) D:4

Altars:
Ashenzari
Cheibriados
Dithmenos
Elyvilon
Fedhas
Gozag
Nemelex Xobeh
Okawaru
Pakellas
Vehumet
Yredelemnul
The Shining One

Annotations:
D:5 M4edhros's ghost, novice OpNe


Innate Abilities, Weirdness & Mutations

You cannot wear most types of armour.
((You are amphibious.))
You can wear up to eight rings at the same time.
((You can use your tentacles to constrict eight enemies at once.))
((Your skin changes colour to match your surroundings (Stealth).))
((Your rubbery body absorbs attacks (AC +1).))
Your muscles are strong. (Str +2)


Message History

You feel agile all of a sudden. What do you say? t - Creak!
Orders for allies: a - Attack new target. r - Retreat! s - Stop attacking. w - Wait here. f - Follow me.
Anything else - Stay silent.
You creak for attention!
You hit the orc.
You kill the orc!
You smack the orc!
You kill the orc!
You swing at nothing.
You swing at nothing.
You smack the ogre!
The ogre is moderately wounded.
You hit the ogre.
The ogre is heavily wounded.
The ogre hits you with a giant club!
You die...

.....## .... #...##
#<.. ##....### ##..#
#....<..###..#
......###....>%#
.....# ###)..## .....
##...#
......####....######.
.......O♣)...........
....#.....####.......
##..### ...##.. ##.
.### #< .# ## (. ..
..


You could see an ogre.

Vanquished Creatures
  An orc warrior (D:6)
  An orc priest (D:5)
  2 orc wizards
  2 worker ants (D:4)
  An adder (D:3)
  An ooze (D:3)
  A giant gecko (D:6)
  11 orcs
  2 hobgoblins
  2 bats (D:3)
  A giant newt (D:3)
  A jackal skeleton (D:4)
  4 kobolds
  2 rats
32 creatures vanquished.

Notes
Turn   | Place    | Note
--------------------------------------------------------------
     0 | D:1      | M4edhros the Octopode Necromancer began the quest for the Orb.
     0 | D:1      | Reached XP level 1. HP: 11/11 MP: 3/3
    94 | D:2      | Reached skill level 1 in Unarmed Combat
   239 | D:3      | Reached XP level 2. HP: 1/17 MP: 0/5
   300 | D:3      | Reached skill level 2 in Unarmed Combat
   312 | D:3      | Learned a level 1 spell: Animate Skeleton
   362 | D:3      | Reached XP level 3. HP: 3/21 MP: 2/6
   367 | D:3      | Learned a level 3 spell: Regeneration
   515 | D:4      | Found a blossoming altar of Fedhas.
   518 | D:4      | Found a white marble altar of Elyvilon.
   533 | D:4      | Found a staircase to the Ecumenical Temple.
   545 | D:4      | Reached skill level 3 in Unarmed Combat
   555 | Temple   | Entered the Ecumenical Temple
   571 | Temple   | Became a worshipper of Cheibriados the Contemplative
   644 | D:4      | Reached XP level 4. HP: 18/27 MP: 0/7
   710 | D:5      | Entered Level 5 of the Dungeon
   716 | D:5      | Reached skill level 4 in Unarmed Combat
   781 | D:5      | Reached XP level 5. HP: 28/31 MP: 4/8
   823 | D:5      | Noticed M4edhros's ghost (novice OpNe)
   842 | D:6      | Noticed an ogre
   872 | D:6      | Noticed an orc warrior
   895 | D:6      | Killed an orc warrior
   895 | D:6      | Reached skill level 5 in Unarmed Combat
   895 | D:6      | Reached XP level 6. HP: 13/36 MP: 1/9
   900 | D:6      | Gained mutation: Your muscles are strong. (Str +2) [potion of beneficial mutation]
   910 | D:6      | Slain by an ogre

Vault maps used:
D:1:      tarquinn_simple_flora_water_a
D:2:      lemuel_upstairs_altar, first_bread
D:3:      grunt_temple_overflow_champion_of_chaos, cheibrodos_gnoll_hut,
          uniq_sigmund
D:4:      nicolae_overflow_hidden_temple, minmay_temple_entry_purple_smoke
D:5:      nicolae_ru_path_of_blood, kennysheep_mini_moat,
          cheibriados_altar_wand_db
D:6:      minmay_bad_closet
Temple:   triangle_lava_temple_12

Skill      XL: |  1  2  3  4  5 |
---------------+----------------+-----
Unarmed Combat | 1 2 3 4 5 |  5.9
Dodging        | |  2.0
Stealth        | |  2.6
Spellcasting   | |  2.0
Necromancy     | |  4.0

Action                   |  1- 3 |  4- 6 || total
-------------------------+-------+-------++-------
Melee: Unarmed           |    16 |    45 ||    61
       Constrict         |     6 |     3 ||     9
       Tentacles         |     5 |     1 ||     6
       Punch             |       |     4 ||     4
 Cast: Pain              |    20 |     1 ||    21
       Animate Skeleton  |     1 |     4 ||     5
       Regeneration      |     3 |     4 ||     7
  Use: Potion            |       |     6 ||     6
       Scroll            |       |     1 ||     1
 Stab: Sleeping          |     1 |     1 ||     2
  Eat: Chunk             |       |     1 ||     1
Armor: Skin              |     1 |     9 ||    10
Dodge: Dodged            |     7 |    12 ||    19
